 Dungeon Crawl Stone Soup version 0.18-a0-1203-gbde16db (webtiles) character file.

4984 M4edhros the Nimble (level 10, -5/63 HPs)
             Began as an Octopode Artificer on Jan 31, 2016.
             Killed from afar by a battlesphere (20 damage)
             ... created by Kidiri's ghost
             ... on level 8 of the Dungeon.
             The game lasted 00:14:24 (6769 turns).

M4edhros the Nimble (Octopode Artificer)            Turns: 6769, Time: 00:14:24

Health: -5/63      AC:  5    Str: 12    XL:     10   Next: 54%
Magic:  14/14      EV: 20    Int: 20    God:    Xom [....*.]
Gold:   338        SH:  0    Dex: 15    Spells: 1 memorised, 7 levels left

rFire  x . .     SeeInvis +     v - +4 hand axe of a Thousand Curses {venom, +Rage rF- rC+ Dex+2}
rCold  + . .     Gourm    .     (no shield)
rNeg   . . .     Faith    .     (helmet restricted)
rPois  .         Spirit   .     k - amulet of dismissal
rElec  .         Dismiss  +     e - ring of flight
rCorr  .         Reflect  .     q - ring of see invisible
SustAt .         Harm     .     (no ring)
MR     .....                    (no ring)
Stlth  +++.......               (no ring)
                                (no ring)
                                (no ring)
                                (no ring)

@: exhausted, very slightly contaminated, slowed, invisible, very slow, not
resistant to hostile enchantments, fairly stealthy
A: almost no armour, amphibious, 8 rings, constrict 8, antennae 1, iridescent
scales 1, camouflage 1, clever 1, strong 1, gelatinous body 1
a: Renounce Religion, Evoke Berserk Rage, Evoke Flight


You were on level 8 of the Dungeon.
You worshipped Xom.
You were a beloved toy of Xom.
You were very hungry.

You visited 2 branches of the dungeon, and saw 9 of its levels.

You collected 338 gold pieces.

Inventory:

Hand Weapons
 a - a +0 short sword
 g - a +1 hunting sling
 v - the +4 hand axe of a Thousand Curses (weapon) {venom, +Rage rF- rC+ Dex+2}
   (You found it on level 4 of the Dungeon)

   It poisons the flesh of those it strikes.
   It affects your dexterity (+2).
   It makes you vulnerable to fire.
   It protects you from cold.
   It lets you go berserk.
 D - a +0 arbalest
 G - a +0 rapier of holy wrath
Missiles
 h - 43 sling bullets
 j - 113 stones (quivered)
Rods
 C - a +3 iron rod (13/13)
   (You acquired it on level 7 of the Dungeon)
Jewellery
 e - a ring of flight (left tentacle)
 k - an amulet of dismissal (around mantle)
 p - an uncursed amulet of magic regeneration
 q - a ring of see invisible (right tentacle)
Wands
 b - a wand of flame (5/48)
 c - a wand of enslavement (14/24)
 d - a wand of random effects (3/48)
 s - a wand of confusion (29/48)
 B - a wand of flame (29/48)
 F - a wand of lightning (3/15)
Scrolls
 i - 2 scrolls of remove curse
 l - a scroll of identify
 o - a scroll of holy word
 w - a scroll of recharging
 x - a scroll of teleportation
 J - a scroll of blinking
 K - a scroll of amnesia
Potions
 m - a potion of resistance
 r - 2 potions of cure mutation
 z - 3 potions of flight
 L - a potion of magic {unknown}
Books
 u - a book of Maledictions

   Spells                             Type                      Level
   a - Corona                         Hexes                        1
   b - Ensorcelled Hibernation        Hexes/Ice                    2
   c - Confuse                        Hexes                        3
   d - Tukima's Dance                 Hexes                        3
   e - Dazzling Spray                 Conjuration/Hexes            3
 y - a book of Air

   Spells                             Type                      Level
   a - Shock                          Conjuration/Air              1
   b - Swiftness                      Charms/Air                   2
   c - Repel Missiles                 Charms/Air                   2
   d - Static Discharge               Conjuration/Air              3
   e - Lightning Bolt                 Conjuration/Air              5
 E - a book of Envenomations

   Spells                             Type                      Level
   a - Spider Form                    Transmutation/Poison         3
   b - Olgreb's Toxic Radiance        Poison                       4
   c - Alistair's Intoxication        Transmutation/Poison         5
   d - Poisonous Cloud                Conjuration/Poison/Air       6
Comestibles
 f - 7 bread rations
 n - a slice of pizza
 t - 2 fruits
 H - a chunk of flesh
 I - 6 beef jerkies


   Skills:
 + Level 3.9 Fighting
 - Level 1.0 Short Blades
 + Level 9.9 Slings
 + Level 12.4 Dodging
 - Level 1.3 Stealth
 + Level 5.8 Evocations


You had 7 spell levels left.
You knew the following spells:

 Your Spells              Type           Power        Failure   Level  Hunger
a - Repel Missiles        Chrm/Air       #.....       30%         2    ###....


Dungeon Overview and Level Annotations

Branches:
Dungeon (8/15)             Temple (1/1) D:6            Lair (0/8) D:8

Altars:
Ashenzari
Cheibriados
Dithmenos
Elyvilon
Fedhas
Gozag
Kikubaaqudgha
Makhleb
Nemelex Xobeh
Okawaru
Pakellas
Qazlal
Ru
Sif Muna
Trog
Vehumet
Xom
Yredelemnul
Zin
The Shining One

Annotations:
D:5 Foomius's ghost, amateur OpVM
D:8 Kidiri's ghost, novice DECj


Innate Abilities, Weirdness & Mutations

You cannot wear most types of armour.
You are amphibious.
You can wear up to eight rings at the same time.
You can use your tentacles to constrict eight enemies at once.
Your skin changes colour to match your surroundings (Stealth).
Your rubbery body absorbs attacks (AC +1).
You have a pair of small antennae on your head.
You are partially covered in iridescent scales (AC +4).
Your mind is acute. (Int +2)
Your muscles are strong. (Str +2)


Message History

You slash the quokka!
You kill the quokka!
Kidiri's ghost closely misses you.
Kidiri's ghost hits you but does no damage.
Unknown command.
You barely miss Kidiri's ghost. Your squeeze misses Kidiri's ghost.
Kidiri's ghost is almost destroyed.
Kidiri's ghost closely misses you.
Kidiri's ghost hits you but does no damage.
Unknown command.
Unknown command.
You hit Kidiri's ghost but do no damage.
Your squeeze misses Kidiri's ghost.
Kidiri's ghost is almost destroyed.
Kidiri's ghost barely misses you.
Kidiri's ghost points at you and mumbles some strange words.
The magic dart hits you!
* * * LOW HITPOINT WARNING * * *
The battlesphere fires!
The barrage of energy hits you!
You die...

....................#
............######.##
##.##.....†..........
##...##......#####....
## ##.....##.....#
#....
...#.....*.#.....#
#....
#....._.....#####
###.# ###....†..###
#.. ##...)@## ###†
##..W## #).. ##.##
#... .... #... ......
...... ......W. ######
.......W. . ....... .#
....... .


You could see a battlesphere and Kidiri's ghost.

Vanquished Creatures
  The ghost of krabocopter the Blocker, a novice FoFi of Ru (D:6)
  Sigmund (D:5)
  Edmund (D:5)
  2 ice beasts
  4 orc warriors
  A necrophage (D:8)
  5 ogres
  2 centaurs
  A crocodile (D:7)
  A big kobold (D:7)
  2 giant frogs (D:6)
  5 scorpions
  3 killer bees (D:7)
  2 crimson imps
  A giant frog zombie (D:5)
  4 jellies
  5 orc priests
  A centaur skeleton (D:6)
  4 hounds
  4 iguanas
  5 worker ants
  8 orc wizards
  2 gnolls (D:4)
  7 adders
  3 shadow imps
  4 oozes
  An adder skeleton (D:3)
  A worm (D:2)
  3 giant geckos
  21 orcs
  6 bats
  5 giant cockroaches
  6 goblins
  7 hobgoblins
  10 jackals
  2 quokkas
  A ball python (D:1)
  2 giant gecko skeletons
  A giant gecko zombie (D:6)
  5 giant newts
  A jackal skeleton (D:6)
  A jackal zombie (D:6)
  6 kobolds
  6 rats (D:1)
164 creatures vanquished.

Vanquished Creatures (collateral kills)
  A crimson imp (D:8)
  A worker ant zombie (D:3)
  2 gnolls (D:4)
  An adder zombie (D:8)
  2 jackals (D:8)
7 creatures vanquished.

Grand Total: 171 creatures vanquished

Notes
Turn   | Place    | Note
--------------------------------------------------------------
     0 | D:1      | M4edhros the Octopode Artificer began the quest for the Orb.
     0 | D:1      | Reached XP level 1. HP: 13/13 MP: 3/3
   275 | D:1      | Reached skill level 1 in Slings
   275 | D:1      | Reached XP level 2. HP: 12/18 MP: 4/4
   614 | D:1      | Reached XP level 3. HP: 23/23 MP: 5/5
  1384 | D:3      | Reached XP level 4. HP: 26/28 MP: 6/6
  1399 | D:3      | Reached skill level 4 in Slings
  1508 | D:3      | Reached XP level 5. HP: 5/33 MP: 7/7
  1948 | D:3      | Reached skill level 5 in Slings
  2030 | D:3      | Noticed an angel
  2031 | D:3      | Found a glowing silver altar of Zin.
  2031 | D:3      | Found a shimmering altar of Xom.
  2092 | D:3      | Became a worshipper of Xom the Tricky
  2564 | D:4      | Reached XP level 6. HP: 38/38 MP: 8/8
  2602 | D:4      | Reached skill level 6 in Slings
  2654 | D:4      | XOM: silly message
  2664 | D:4      | Got a brightly glowing hand axe
  2665 | D:4      | Identified the +4 hand axe of a Thousand Curses {venom, +Rage rF- rC+ Dex+2} (You found it on level 4 of the Dungeon)
  3006 | D:4      | Reached skill level 7 in Slings
  3006 | D:4      | Reached XP level 7. HP: 31/43 MP: 9/9
  3154 | D:4      | XOM: potion effect (haste)
  3416 | D:5      | Entered Level 5 of the Dungeon
  3425 | D:5      | XOM: silly message
  3489 | D:5      | Noticed Edmund
  3517 | D:5      | Noticed Sigmund
  3534 | D:5      | XOM: potion effect (heal wounds)
  3538 | D:5      | Reached skill level 8 in Slings
  3586 | D:5      | Killed Sigmund
  3586 | D:5      | Reached XP level 8. HP: 14/48 MP: 10/10
  3630 | D:5      | Noticed Foomius's ghost (amateur OpVM)
  3666 | D:5      | XOM: destruction
  3671 | D:5      | Reached skill level 9 in Slings
  3928 | D:5      | XOM: noise
  3941 | D:5      | XOM: swap monsters
  3978 | D:5      | XOM: mild Tloc miscast
  4078 | D:5      | XOM: colour smoke trail
  4105 | D:5      | XOM: 6-stop teleportation journey
  4759 | D:5      | Killed Edmund
  4897 | D:6      | Reached skill level 12 in Dodging
  4897 | D:6      | Reached XP level 9. HP: 55/55 MP: 12/12
  5052 | D:6      | XOM: enchant monster (bad)
  5153 | D:6      | Noticed krabocopter's ghost (novice FoFi)
  5163 | D:6      | Found a sparkling altar of Nemelex Xobeh.
  5186 | D:6      | XOM: summons friendly ufetubus
  5187 | D:6      | XOM: mild Conj miscast
  5335 | D:6      | XOM: summons friendly iron imp
  5401 | D:6      | Learned a level 2 spell: Repel Missiles
  5444 | D:6      | Reached XP level 10. HP: 50/62 MP: 13/13
  5445 | D:6      | Found an iron altar of Okawaru.
  5544 | D:6      | Found a staircase to the Ecumenical Temple.
  5562 | Temple   | Entered the Ecumenical Temple
  5651 | D:6      | Killed krabocopter's ghost
  5651 | D:6      | Reached skill level 5 in Evocations
  5701 | D:6      | Found a burning altar of Makhleb.
  5702 | D:6      | Found a deep blue altar of Sif Muna.
  5704 | D:6      | Found a shadowy altar of Dithmenos.
  5745 | D:6      | XOM: smoke on damage
  5894 | D:7      | XOM: 4-stop teleportation journey
  5895 | D:7      | XOM: swap monsters
  5934 | D:7      | Found a glowing golden altar of the Shining One.
  5943 | D:7      | XOM: 3-stop teleportation journey
  6079 | D:6      | XOM: give mutations
  6079 | D:6      | Gained mutation: You have a pair of small antennae on your head. [Xom's grace]
  6079 | D:6      | Gained mutation: Your muscles are strong. (Str +2) [Xom's grace]
  6079 | D:6      | Gained mutation: You are partially covered in iridescent scales (AC +4). [Xom's grace]
  6079 | D:6      | Gained mutation: Your mind is acute. (Int +2) [Xom's grace]
  6204 | D:6      | XOM: divination: detect creatures
  6248 | D:7      | XOM: 3-stop teleportation journey
  6331 | D:7      | XOM: cast spell 'Summon Small Mammal'
  6403 | D:7      | Identified a scroll of acquirement
  6488 | D:7      | XOM: mild Erth miscast
  6661 | D:8      | XOM: summons friendly ufetubus
  6673 | D:8      | Found a staircase to the Lair.
  6683 | D:8      | XOM: confuse monster(s)
  6734 | D:8      | Found a blossoming altar of Fedhas.
  6741 | D:8      | Noticed Kidiri's ghost (novice DECj)
  6754 | D:8      | XOM: summons friendly quasit
  6755 | D:8      | XOM: enchant monster (good)
  6769 | D:8      | Killed from afar by a battlesphere

Vault maps used:
D:1:      dpeg_arrival_rhombi
D:3:      grunt_temple_overflow_order_and_chaos_1, serial_undead,
          serial_undead_b, serial_undead_d, serial_undead_e, serial_undead_a,
          serial_undead_d
D:4:      first_bread
D:5:      uniq_edmund, uniq_sigmund
D:6:      nemelex_deck, minitemple, kennysheep_mini_moat,
          minmay_temple_entry_trees, serial_glass, glass_columns_a,
          glass_columns_a, glass_columns_b, glass_columns_b, glass_columns_a,
          glass_columns_a, glass_columns_c, glass_columns_b, glass_columns_b,
          glass_columns_a, glass_columns_b, glass_columns_c, glass_columns_a,
          glass_columns_a
D:7:      grunt_ogre_cave, nicolae_tso_swordbearing_angel
D:8:      lemuel_round_altar, lair_0_dummy, special_room, serial_park_tiny_2
Temple:   triangle_lava_temple_11

Action                   |  1- 3 |  4- 6 |  7- 9 | 10-12 || total
-------------------------+-------+-------+-------+-------++-------
Melee: Short sword       |     3 |    29 |     4 |       ||    36
       Hand axe          |       |    15 |   101 |   115 ||   231
       Rapier            |       |       |       |     1 ||     1
 Fire: Hunting sling     |    93 |    74 |    30 |       ||   197
 Abil: Evoke Berserk Rag |       |       |     2 |     6 ||     8
Evoke: Wand              |       |     6 |    13 |     4 ||    23
  Use: Scroll            |     2 |       |       |     9 ||    11
       Potion            |       |       |     9 |     1 ||    10
 Stab: Sleeping          |     1 |     1 |     2 |     6 ||    10
       Distracted        |       |     1 |       |     3 ||     4
       Confused          |       |       |       |     4 ||     4
  Eat: Chunk             |       |     6 |     5 |     7 ||    18
       Meat ration       |       |       |     1 |       ||     1
